 Dungeon Crawl Stone Soup version 0.32-a0-350-g4f4d228785 (webtiles) character file.

Game seed: 7615162867214688192

62 Strat the Grasshopper (level 3, 29/29 HPs)
             Began as a Draconian Warper on Feb 17, 2024.
             Was a Plaything of Xom.
             Quit the game on level 1 of the Dungeon.
             The game lasted 00:02:47 (1618 turns).

Strat the Grasshopper (Draconian Warper)            Turns: 1618, Time: 00:02:47

Health: 29/29      AC:  6    Str: 13    XL:     3   Next: 85%
Magic:  6/6        EV: 12    Int: 13    God:    Xom [..*...]
Gold:   74         SH:  0    Dex: 12    Spells: 1/6 levels left

rFire   . . .        b - +0 sling
rCold   . . .        (no shield)
rNeg    . . .        (body armour unavailable)
rPois   .            (helmet restricted)
rElec   .            (no cloak)
rCorr   .            l - +0 pair of gloves
SInv    .            (no boots)
Will    .....        (no amulet)
Stlth   +            (no ring)
HPRegen 0.24/turn    (no ring)
MPRegen 0.10/turn

%: no passive effects
@: no status effects
A: AC +5, unfitting armour, cold-blooded
a: Renounce Religion


You were on level 1 of the Dungeon.
You worshipped Xom.
You were a toy of Xom.
You visited 1 branch of the dungeon, and saw 2 of its levels.

You collected 74 gold pieces.

Inventory:

Hand Weapons
 a - a +0 falchion
 b - a +0 sling (weapon)
Missiles
 c - 7 darts of dispersal
Armour
 l - a +0 pair of gloves (worn)
Jewellery
 k - a ring of wizardry
Scrolls
 d - a scroll of poison {unknown}
 e - a scroll of blinking
 f - 2 scrolls of identify {unknown}
 g - a scroll of fog {unknown}
 h - 2 scrolls of amnesia {unknown}
 i - 2 scrolls of noise {unknown}
 j - a scroll of enchant weapon {unknown}
Potions
 m - a potion of heal wounds {unknown}


   Skills:
 - Level 2.1 Fighting
 + Level 3.3 Long Blades
 - Level 0.8 Throwing
 - Level 2.1 Dodging
 - Level 2.0 Spellcasting
 + Level 4.0 Translocations


You had one spell level left.
You knew the following spells:

 Your Spells              Type           Power      Damage    Failure   Level
a - Blink                 Tloc           22%        N/A       8%          2
b - Teleport Other        Tloc           11%        N/A       14%         3

Your spell library contained the following spells:

 Spells                   Type           Power      Damage    Failure   Level
 Lesser Beckoning         Tloc           22%        N/A       8%          2
 Ensorcelled Hibernation  Hex/Ice        2%         N/A       36%         2
 Manifold Assault         Tloc           11%        N/A       43%         4
 Passwall                 Erth           1%         N/A       58%         3
 Swiftness                Air            1%         N/A       58%         3
 Vhi's Electric Charge    Tloc/Air       12%        N/A       73%         4


Dungeon Overview and Level Annotations

Branches:
Dungeon (2/15)

Altars:
Xom


Innate Abilities, Weirdness & Mutations

Your plain brown scales are hard. (AC +5)
You cannot fit into any form of body armour.
You are cold-blooded and may be slowed by cold attacks.


Message History

A kobold comes into view. It is wielding a +0 dagger.
The kobold shouts!
You shoot a sling bullet. The sling bullet hits the kobold.
You kill the kobold!
No target in view!
No target in view!
No target in view!
You now have 64 gold pieces (gained 6).
There is an open door here.
There is a large open door here.
There is a large open door here.
You open the door.
There is an open door here.
You see here 4 stones.
There is a stone staircase leading up here.
You see here a +0 sling.
Found an escape hatch in the floor.
You now have 74 gold pieces (gained 10).
Done exploring.
Done exploring.
Search for what [? for help]? altar
There is a stone staircase leading up here.
You climb upwards.
There is a stone staircase leading down here.
Things that are here:
a +0 dagger; a kobold skeleton
Things that are here:
a +0 club; a goblin skeleton You enter the shallow water.
Moving in this stuff is going to be slow.
You enter the shallow water.
Moving in this stuff is going to be slow.
You enter the shallow water.
Moving in this stuff is going to be slow.
There is a faded altar of an unknown god here.
This altar belongs to (a) Sif Muna, (b) Xom or (c) Yredelemnul, but you can't tell which.
Press the corresponding letter to learn more about a god, or press enter to convert or escape to cancel.
Xom accepts your prayer! Xom welcomes you!
Xom is very interested.
Are you sure you want to abandon this character and quit the game? (Confirm with "yes".)

#...........####.##.#
#........####.P#.##..
#......###P....#.##..
#...####P~~~~~.#.##.#
#..##.P.~.P.PP~~..#.#
#..#P.P~.###PP.#)....
#..#P~~###.##P.#..###
#..#.###....##P#.....
#..#@#.......###...#.
####ß#####......)....
### #.......###.
#.......# #.
######### ##


There were no monsters in sight!

Vanquished Creatures
  A gnoll (D:1)
  A dart slug (D:1)
  3 ball pythons
  2 giant cockroaches
  4 goblins
  A hobgoblin (D:1)
  4 jackals (D:1)
  4 kobolds
  A quokka (D:2)
  2 bats (D:1)
  2 frilled lizards (D:2)
  4 rats
29 creatures vanquished.

Notes
Turn   | Place    | Note
-------+----------+-------------------------------------------
     0 | D:1      | Strat the Draconian Warper began the quest for the Orb.
     0 | D:1      | Reached XP level 1. HP: 17/17 MP: 3/3
   109 | D:1      | Reached XP level 2. HP: 21/24 MP: 5/5
   118 | D:1      | Learned a level 2 spell: Blink
   364 | D:1      | Reached XP level 3. HP: 29/29 MP: 6/6
   745 | D:1      | Found a faded altar of an unknown god.
  1084 | D:2      | Reached skill level 4 in Translocations
  1175 | D:2      | Learned a level 3 spell: Teleport Other
  1617 | D:1      | Prayed at the altar of an unknown god.
  1617 | D:1      | Became a worshipper of Xom of Chaos
  1618 | D:1      | Quit the game

Illustrated notes

Levels and vault maps discovered:
D:1:      lemuel_arrival_tunnels, layout_basic,
          shapermc_ecumenical_altar_hornbeckon
D:2:      layout_basic

Skill      XL: |  1  2  3 |
---------------+----------+-----
Long Blades    | 3 |  3.3
Translocations | 4 |  4.0
Fighting       | |  2.1
Throwing       | |  0.8
Dodging        | |  2.1
Spellcasting   | |  2.0

Action                     || total
---------------------------++-------
  Melee: Falchion          ||    63
         Tailslap          ||    15
   Fire: Sling             ||    54
 Armour: Skin              ||    61
  Dodge: Dodged            ||    70

Table legend: (Time is in decaauts)
 A = Elapsed time spent in this place.
 B = Non-inter-level travel time spent in this place.
 C = Inter-level travel time spent in this place.
 D = Time resting spent in this place.
 E = Time spent auto-exploring this place.
 F = Levels seen in this place.
 G = Mean time per level.
                   A        B        C        D        E       F      G
               +--------+--------+--------+--------+--------+-----+--------+
         Total |   1654 |   1539 |    115 |      0 |   1266 |   2 |  827.0 |
       Dungeon |   1654 |   1539 |    115 |      0 |   1266 |   2 |  827.0 |
               +--------+--------+--------+--------+--------+-----+--------+

Top non-repeatable levels by time:
     D:1: 961 daAuts
     D:2: 692 daAuts
